 Dungeon Crawl Stone Soup version 0.17-a0-1900-g45e8110 (webtiles) character file.

35 derrpe the Vexing (level 3, -4/26 HPs)
             Began as a Formicid Arcane Marksman on Sept 24, 2015.
             Slain by a gnoll
             ... wielding a +0 spear
              (7 damage)
             ... on level 2 of the Dungeon.
             The game lasted 00:02:14 (1353 turns).

derrpe the Vexing (Formicid Arcane Marksman)        Turns: 1353, Time: 00:02:15

Health: -4/26      AC:  3    Str: 15    XL:     3   Next: 55%
Magic:  0/4        EV: 11    Int: 13    God:
Gold:   26         SH:  0    Dex: 10    Spells: 2 memorised, 1 level left

rFire  . . .     SeeInvis +     a - +0 hand crossbow
rCold  . . .     Clarity  .     m - +0 leather armour
rNeg   . . .     SustAt   .     (no shield)
rPois  .         Gourm    .     (helmet unavailable)
rElec  .         Spirit   .     (no cloak)
rCorr  .         Warding  .     (no gloves)
rMut   .         Stasis   +     (no boots)
MR     .....                    (no amulet)
Stlth  +.........               (no ring)
                                (no ring)

@: not resistant to hostile enchantments, very unstealthy
A: permanent stasis, dig shafts and tunnels, four strong arms, antennae 3
a: Dig, Shaft Self


You were on level 2 of the Dungeon.
You were hungry.

You visited 1 branch of the dungeon, and saw 2 of its levels.

You collected 26 gold pieces.

Inventory:

Hand weapons
 a - a +0 hand crossbow (weapon)
 b - a +0 whip
Missiles
 l - 7 bolts (quivered)
Armour
 m - a +0 leather armour (worn)
Jewellery
 j - an uncursed ring of poison resistance {unknown}
Scrolls
 f - 3 scrolls of identify {unknown}
 g - a scroll of enchant weapon {unknown}
 h - a scroll of enchant armour {unknown}
 k - a scroll of blinking {unknown}
 n - a scroll of teleportation {unknown}
Potions
 o - a potion of cure mutation {unknown}
Books
 d - a book of Debilitation

   Spells                             Type                      Level
   a - Corona                         Hexes                        1
   b - Slow                           Hexes                        2
   c - Gell's Gravitas                Hexes/Translocation          3
   d - Inner Flame                    Hexes/Fire                   3
   e - Cause Fear                     Hexes                        4
   f - Leda's Liquefaction            Hexes/Earth                  4
Comestibles
 c - 2 chunks of flesh {@w0}
 e - a bread ration {@e1}
 i - a meat ration {@e2}


   Skills:
 - Level 1.1 Fighting
 + Level 3.6 Crossbows
 - Level 1.7 Dodging
 - Level 1.1 Spellcasting
 - Level 3.6 Hexes


You had one spell level left.
You knew the following spells:

 Your Spells              Type           Power        Failure   Level  Hunger
a - Corona                Hex            ##.....      10%         1    ##.....
b - Slow                  Hex            ##......     14%         2    ###....


Dungeon Overview and Level Annotations

Branches:
Dungeon (2/15)

Altars:


Innate Abilities, Weirdness & Mutations

You are under a permanent stasis effect.
You can dig through walls and to a lower floor.
Your four strong arms can wield two-handed weapons with a shield.
You have a pair of large antennae on your head (SInv).


Message History

Aim: a gnoll, wielding a spear (lightly wounded)
You shoot a bolt. The bolt hits the gnoll.
The gnoll is moderately wounded.
The gnoll closely misses you.
Casting: Slow
Confirm with . or Enter, or press ? or * to list all spells.
Aiming: Slow
Press: ? - help, Shift-Dir - straight line, f/p - gnoll
Aim: a gnoll, wielding a spear (moderately wounded, chance to defeat MR: 54%)
The gnoll resists with significant effort.
You are feeling hungry.
The gnoll barely misses you.
Casting: Slow
Confirm with . or Enter, or press ? or * to list all spells.
Aiming: Slow
Press: ? - help, Shift-Dir - straight line, f/p - gnoll
Aim: a gnoll, wielding a spear (moderately wounded, chance to defeat MR: 54%)
The gnoll resists with significant effort.
The gnoll hits you from afar with a spear!
You die...

#....# #....# #....#
#....# #....# #######
#....# #......
#########....####.#####
#(.(g.@................
#.#######....####.#####
#.# ###### #.....# #.#
{{ #.....# #.# #
#.....# #.# {.# #.....#
#.# {..# ###<....#
#.###...#.. .........
#....!....# ##....#


You could see a gnoll.

Vanquished Creatures
  2 adders (D:2)
  A worm (D:2)
  2 goblins
  6 jackals
  A bat (D:1)
  2 giant newts (D:1)
  A kobold (D:2)
  4 rats
19 creatures vanquished.

Notes
Turn   | Place    | Note
--------------------------------------------------------------
     0 | D:1      | derrpe the Formicid Arcane Marksman began the quest for the Orb.
     0 | D:1      | Reached XP level 1. HP: 15/15 MP: 2/2
   628 | D:1      | Reached XP level 2. HP: 15/21 MP: 3/3
   911 | D:2      | Learned a level 2 spell: Slow
   986 | D:2      | Reached XP level 3. HP: 19/26 MP: 1/4
  1353 | D:2      | Slain by a gnoll

Vault maps used:
D:1:      minmay_arrival_four_loops, roderic_ancient_swastika,
          minmay_misc_feat_doors
D:2:      uniq_crazy_yiuf_cottage

Action                   || total
-------------------------++-------
Melee: Unarmed           ||    36
       Whip              ||    15
 Fire: Hand crossbow     ||    44
 Cast: Slow              ||     4
  Eat: Chunk             ||     1
